 Dungeon Crawl Stone Soup version 0.30.0-5-g1a98f26d00 (webtiles) character file.

Game seed: 1051715435961039884

3112 GnoME the Fighter (level 9, -1/96 HPs)
             Began as a Troll Transmuter on May 10, 2023.
             Was a Follower of Qazlal.
             Slain by a troll (10 damage)
             ... on level 7 of the Dungeon.
             The game lasted 00:12:45 (5909 turns).

GnoME the Fighter (Troll Transmuter)                Turns: 5909, Time: 00:12:45

Health: -1/96      AC:  4    Str: 30    XL:     9   Next: 60%
Magic:  18/18      EV: 10    Int: 14    God:    Qazlal [*.....]
Gold:   396        SH:  2    Dex:  7    Spells: 9/10 levels left

rFire   + . .        g - +9 falchion "Virchas" {venom, MP+9 Int+5 Dex-3}
rCold   + . .        (no shield)
rNeg    . . .        K - +0 robe {rC+ rF+}
rPois   .            (helmet restricted)
rElec   .            (no cloak)
rCorr   .            (gloves unavailable)
SInv    .            (boots unavailable)
Will    .....        (no amulet)
Stlth   +            f - +4 ring of slaying
HPRegen 1.16/turn    h - +6 ring of strength
MPRegen 0.16/turn

%: no passive effects
@: no status effects
A: large, unfitting armour, claws 3, regeneration 1, shaggy fur 1, tough skin 1
a: Renounce Religion


You were on level 7 of the Dungeon.
You worshipped Qazlal.
Qazlal was aware of your devotion.
You visited 2 branches of the dungeon, and saw 8 of its levels.

You collected 396 gold pieces.

Inventory:

Hand Weapons
 g - the +9 falchion "Virchas" (weapon) {venom, MP+9 Int+5 Dex-3}
   (You found it on level 2 of the Dungeon)

   Int:       It affects your intelligence (+5).
   Dex:       It affects your dexterity (-3).
   MP:        It affects your magic capacity (+9).
Missiles
 i - 4 poisoned darts
Armour
 K - a +0 robe of resistance (worn)
   (You found it on level 6 of the Dungeon)
Jewellery
 c - a ring of resist corrosion
   (You found it on level 1 of the Dungeon)
 f - a +4 ring of slaying (left claw)
   (You found it on level 1 of the Dungeon)
 h - a +6 ring of strength (right claw)
   (You found it on level 2 of the Dungeon)
 j - the ring of Esiahoob {Wiz Int+3}
   (You found it on level 2 of the Dungeon)

   [ring of wizardry]

   It improves your spell success rate.
   Int:       It affects your intelligence (+3).
 E - a +6 ring of dexterity
   (You found it on level 5 of the Dungeon)
Wands
 q - a wand of roots (8)
   (You found it on level 7 of the Dungeon)
 y - a wand of polymorph (3)
   (You found it on level 4 of the Dungeon)
 A - a wand of flame (53)
   (You found it on level 4 of the Dungeon)
 B - a wand of digging (8)
   (You found it on level 5 of the Dungeon)
 C - a wand of charming (9)
   (You found it on level 5 of the Dungeon)
Scrolls
 a - a scroll of silence {unknown}
 k - 2 scrolls of fog
 m - 2 scrolls of poison {unknown}
 n - a scroll of enchant armour {unknown}
 o - 2 scrolls of noise {unknown}
 p - a scroll of amnesia {unknown}
 s - a scroll of acquirement {unknown}
 u - a scroll of summoning {unknown}
 w - 2 scrolls of teleportation {unknown}
 x - a scroll of immolation {unknown}
 D - a scroll of blinking {unknown}
 F - a scroll of magic mapping {unknown}
 G - 2 scrolls of torment {unknown}
 L - a scroll of enchant weapon {unknown}
Potions
 b - 2 potions of lignification
 d - 3 potions of flight
 e - 2 potions of haste
 l - 2 potions of curing
 r - 2 potions of mutation {unknown}
 t - a potion of might {unknown}
 v - 2 potions of magic {unknown}
 z - a potion of attraction {unknown}
 H - a potion of heal wounds {unknown}
 I - a potion of ambrosia {unknown}
 J - a potion of resistance {unknown}


   Skills:
 * Level 8.0 Fighting
 + Level 5.3 Long Blades
 + Level 5.8 Dodging
 - Level 3.5 Unarmed Combat
 - Level 1.2 Spellcasting
 - Level 1.3 Transmutations


You had 9 spell levels left.
You knew the following spells:

 Your Spells              Type           Power      Damage    Failure   Level
a - Beastly Appendage     Tmut           8%         N/A       14%         1

Your spell library contained the following spells:

 Spells                   Type           Power      Damage    Failure   Level
 Sting                    Tmut/Pois      8%         1d3       19%         1
 Wereblood                Tmut           4%         N/A       22%         2
 Magic Dart               Conj           0%         1d3       26%         1
 Call Imp                 Summ           0%         N/A       36%         2
 Poisonous Vapours        Pois/Air       0%         N/A       36%         2
 Spider Form              Tmut/Pois      2%         N/A       50%         3
 Gell's Gravitas          Tloc           0%         N/A       61%         3
 Mephitic Cloud           Conj/Pois/Air  0%         N/A       61%         3
 Teleport Other           Tloc           0%         N/A       61%         3
 Ice Form                 Ice/Tmut       2%         N/A       88%         4
 Olgreb's Toxic Radiance  Pois           0%         N/A       95%         4
 Dispersal                Tloc           0%         N/A       100%        6


Dungeon Overview and Level Annotations

Branches:
Dungeon (7/15)             Temple (1/1) D:6

Altars:
Ashenzari
Cheibriados
Dithmenos
Elyvilon
Fedhas
Gozag
Hepliaklqana
Kikubaaqudgha
Makhleb
Nemelex Xobeh
Qazlal
Sif Muna
Trog
Uskayaw
Wu Jian
Yredelemnul
The Shining One

Shops:
D:3 *

Annotations:
D:3 3 runed translucent doors, Demosthentine's ghost, amateur DsGl


Innate Abilities, Weirdness & Mutations

You are too large for most types of armour.
You have claws for hands.
Your natural rate of healing is unusually fast.
You are covered in fur. (AC +1)
You have tough skin. (AC +1)


Message History

No target in view!
You see here a sky beast corpse.
Found a ring mail.
Health restored: 96
l - 5 potions of curing (gained 1)
o - 2 scrolls labelled RAAPRE POHAJ (gained 1)
m - 2 scrolls labelled YCZUYH OGREN (gained 1)
You open the door.
Found a whip.
There is an open door here.
An ice beast comes into view.
A white imp comes into view.
The white imp shouts, "Go and return not, thou tottering hasty-witted pimple!"
The ice beast hits you. The ice beast freezes you. You resist.
The white imp gestures at you. The puff of frost hits you. You resist.
You take 10 damage, and have 86/96 hp.
You slash the ice beast!
The ice beast is moderately wounded.
The ice beast barely misses you. You block the ice beast's attack.
You hit the ice beast.
The ice beast is heavily wounded.
The ice beast hits you but does no damage.
You completely miss the ice beast.
The ice beast is heavily wounded.
The ice beast hits you but does no damage.
You regained 2 hp, and now have 90/96 hp.
You hit the ice beast.
The ice beast is severely wounded.
The ice beast hits you but does no damage.
You closely miss the ice beast.
The ice beast is severely wounded.
The white imp hits you. The white imp freezes you. You resist.
The ice beast closely misses you.
You take 3 damage, and have 88/96 hp.
You slash the ice beast!
You kill the ice beast!
Qazlal accepts your kill. The white imp gestures at you.
The puff of frost hits you. You resist.
You take 2 damage, and have 86/96 hp.
You hit the white imp. You claw the white imp.
The white imp is severely wounded.
The white imp closely misses you.
You slash the white imp!
You kill the white imp!
Qazlal accepts your kill.
You regained 2 hp, and now have 89/96 hp.
No target in view!
No target in view!
Found a stone staircase leading up.
Health restored: 96 You see here a +0 whip.
Found a stone staircase leading up.
Found a stone staircase leading down.
Found 3 silver boomerangs.
q - a wand of roots (8)
You see here 3 silver boomerangs.
Found a stone staircase leading down.
Found a robe.
L - a scroll labelled KEDGHU KINKA
Found 6 stones.
There is a stone staircase leading down here.
There is a stone staircase leading down here.
A wyvern comes into view.
The wyvern hisses angrily.
The wyvern closely misses you. The wyvern bites you.
You take 3 damage, and have 93/96 hp.
You slash the wyvern!
The wyvern is moderately wounded.
The wyvern bites you.
You take 2 damage, and have 91/96 hp.
You barely miss the wyvern.
The wyvern is moderately wounded.
The wyvern closely misses you. The wyvern barely misses you.
You hit the wyvern.
The wyvern is poisoned.
The wyvern is heavily wounded.
The wyvern completely misses you. The wyvern bites you!
You take 14 damage, and have 78/96 hp.
You slash the wyvern!
You kill the wyvern!
Qazlal accepts your kill.
Your Fighting skill increases to level 8!
No target in view!
No target in view!
You see here a wyvern corpse.
You open the door.
There is an open door here.
You open the door.
There is an open door here.
You now have 383 gold pieces (gained 16).
Found a dagger.
Health restored: 96 You now have 396 gold pieces (gained 13).
You see here a +0 dagger.
An orc wizard comes into view. It is wielding a +0 dagger.
The orc wizard shouts!
You hear a shout! x2
An orc wizard is nearby!
A troll comes into view.
The orc wizard hits you with a +0 dagger.
You take 3 damage, and have 93/96 hp.
You slash the orc wizard!
The orc wizard is severely wounded.
The orc wizard gestures at you while chanting.
You easily resist.
You hit the orc wizard.
You kill the orc wizard!
Qazlal accepts your kill.
A cyclops comes into view.
You hit the troll.
The troll is poisoned.
The troll is lightly wounded.
You block the troll's attack. The troll claws you but does no damage.
The troll closely misses you.
Health restored: 96 You closely miss the troll.
The troll is lightly wounded.
The troll misses you. The troll claws you! The troll barely misses you.
You take 11 damage, and have 85/96 hp.
You slash the troll!
The troll looks as sick as possible!
The troll is moderately wounded.
The troll barely misses you. The troll claws you! x2
You take 22 damage, and have 63/96 hp.
MASSIVE DAMAGE!!
You hit the troll.
The troll looks as sick as possible!
The troll is heavily wounded.
The troll bites you! The troll closely misses you. The troll claws you!
You take 17 damage, and have 46/96 hp.
Okay, then.
The troll attacks as you move away! The troll closely misses you.
The troll claws you but does no damage. The troll claws you.
The troll attacks as you move away! The troll bites you!
The troll barely misses you. The troll claws you.
You take 17 damage, and have 33/96 hp.
The troll attacks as you move away! The troll bites you!
* * * LOW HITPOINT WARNING * * *
The troll barely misses you. The troll claws you!
* * * LOW HITPOINT WARNING * * *
You take 28 damage, and have 5/96 hp.
MASSIVE DAMAGE!!
You regained 2 hp, and now have 7/96 hp.
Okay, then.
You feel better.
You block the troll's attack. x2; The troll claws you!
* * * LOW HITPOINT WARNING * * *
You take 2 damage, and have 5/96 hp.
You feel better. The troll misses you. The troll claws you.
* * * LOW HITPOINT WARNING * * *
The troll closely misses you.
You regained 5 hp, and now have 10/96 hp.
You feel better. The troll bites you!
* * * LOW HITPOINT WARNING * * *
You block the troll's attack. The troll claws you!
You die...

####'## #.#.....#
#.#####.#.###.#
#.......#.# #.#
#.......#.###.###
#...............#
#......##.#######
#......##)#
#......##.#
#...#####@#
#.#######T#
#.........#
#######C### #.###
#...# ## ###.# ..
#C##.# #..)#


You could see a cyclops and a troll (very poisoned).

Vanquished Creatures
  A wyvern (D:7)
  Menkaure (D:6)
  A water moccasin (D:6)
  Duvessa (D:6)
  4 sky beasts
  An orc warrior (D:6)
  An ice beast (D:7)
  3 ogres
  2 black bears
  2 phantoms
  A bullfrog (D:7)
  5 scorpions
  Dowan (D:6)
  A howler monkey (D:5)
  4 hounds
  2 gnoll boudas
  A jelly (D:6)
  4 orc priests
  4 iguanas
  11 orc wizards
  17 gnolls
  6 adders
  3 white imps
  4 worms
  2 dart slugs
  29 orcs
  2 bats
  7 endoplasms
  3 giant cockroaches
  5 goblins
  7 hobgoblins
  6 jackals
  7 kobolds
  5 quokkas
  6 ball pythons
  4 frilled lizards
  5 rats
169 creatures vanquished.

Notes
Turn   | Place    | Note
-------+----------+-------------------------------------------
     0 | D:1      | GnoME the Troll Transmuter began the quest for the Orb.
     0 | D:1      | Reached XP level 1. HP: 18/18 MP: 1/1
    49 | D:1      | Reached skill level 1 in Fighting
    69 | D:1      | Reached XP level 2. HP: 27/27 MP: 2/2
   941 | D:2      | Found a faded altar of an unknown god.
   946 | D:2      | Identified the +9 falchion "Virchas" {venom, MP+9 Int+5
                  | Dex-3}
  1135 | D:2      | Reached XP level 3. HP: 33/33 MP: 3/3
  1246 | D:2      | Identified the ring of Esiahoob {Wiz Int+3}
  1359 | D:2      | Reached skill level 2 in Fighting
  1448 | D:2      | Reached XP level 4. HP: 40/42 MP: 4/4
  1765 | D:3      | Found Faython's Assorted Antiques.
  1802 | D:3      | Reached skill level 1 in Long Blades
  1875 | D:3      | Found a runed translucent gate.
  1875 | D:3      | Found a runed translucent gate.
  1876 | D:3      | Found a runed translucent gate.
  1992 | D:3      | Noticed a black bear
  1996 | D:3      | Killed a black bear
  1997 | D:3      | Reached skill level 3 in Fighting
  1997 | D:3      | Reached XP level 5. HP: 40/53 MP: 5/5
  2144 | D:3      | Found a white marble altar of Elyvilon.
  2277 | D:3      | Noticed Demosthentine's ghost (amateur DsGl)
  2291 | D:4      | Reached XP level 6. HP: 61/61 MP: 6/6
  2562 | D:4      | Found an ancient bone altar of Kikubaaqudgha.
  2856 | D:4      | Reached skill level 4 in Fighting
  3197 | D:5      | Entered Level 5 of the Dungeon
  3268 | D:5      | Reached XP level 7. HP: 44/71 MP: 7/7
  3401 | D:5      | Found a hide-covered altar of Uskayaw.
  3536 | D:6      | Reached skill level 5 in Fighting
  3740 | D:5      | Reached XP level 8. HP: 43/81 MP: 8/8
  3882 | D:5      | Found a sparkling altar of Nemelex Xobeh.
  3889 | D:5      | Found a snail-covered altar of Cheibriados.
  3891 | D:5      | Found an opulent altar of Gozag.
  3892 | D:5      | Found a basalt altar of Yredelemnul.
  3912 | D:5      | Reached skill level 6 in Fighting
  4082 | D:6      | Found a staircase to the Ecumenical Temple.
  4138 | Temple   | Entered the Ecumenical Temple
  4273 | Temple   | Became a worshipper of Qazlal Stormbringer
  4659 | D:6      | Noticed Menkaure
  4665 | D:6      | Reached skill level 5 in Dodging
  4668 | D:6      | Killed Menkaure
  4669 | D:6      | Reached XP level 9. HP: 33/92 MP: 9/9
  4740 | D:6      | Reached skill level 7 in Fighting
  4879 | D:6      | Reached * piety under Qazlal
  5088 | D:6      | Noticed Duvessa
  5088 | D:6      | Noticed Dowan
  5115 | D:6      | Killed Duvessa
  5123 | D:6      | Killed Dowan
  5384 | D:7      | Reached skill level 5 in Long Blades
  5811 | D:7      | Reached skill level 8 in Fighting
  5892 | D:7      | Noticed a troll
  5894 | D:7      | Noticed a cyclops
  5905 | D:7      | HP: 4/96 [troll (13)]
  5909 | D:7      | Slain by a troll

Illustrated notes

Levels and vault maps discovered:
D:1:      minmay_arrival_up_and_down, layout_basic, minmay_shallow_snake_nest
D:2:      layout_basic, shapermc_ecumenical_altar_flowoftime,
          grunt_ministairs_10, minmay_crystal_room, minmay_fractal_squares_5
D:3:      layout_rooms, nicolae_elyvilon_temple_path, serial_shops, shop,
          gammafunk_ghost_necromancy
D:4:      layout_basic, nicolae_overflow_crystal_walls
D:5:      layout_cave_pools, lemuel_tele_altar, grunt_temple_overflow_open
D:6:      layout_basic, minmay_temple_entry_slanted, dreamdust_gnoll_farm,
          uniq_duvessa, uniq_menkaure
D:7:      minmay_cornered_nines, layout_basic
Temple:   nicolae_temple_two_arcs

Skill      XL: |  1  2  3  4  5  6  7  8  9 |
---------------+----------------------------+-----
Fighting       | 1 2 3 4 5 6 8 |  8.0
Dodging        | 2 3 4 5 |  5.8
Long Blades    | 1 2 3 4 5 |  5.3
Unarmed Combat | |  3.5
Spellcasting   | |  1.2
Transmutations | |  1.3

Action                     |  1- 3 |  4- 6 |  7- 9 || total
---------------------------+-------+-------+-------++-------
  Melee: Unarmed           |    69 |       |       ||    69
         Falchion          |    38 |   112 |   197 ||   347
         Punch             |       |     3 |     8 ||    11
    Use: Scroll            |       |       |     4 ||     4
         Potion            |       |       |     3 ||     3
   Stab: Sleeping          |     1 |       |       ||     1
 Armour: Robe              |    41 |    36 |    37 ||   114
  Dodge: Dodged            |    39 |    56 |   115 ||   210
  Block: Other             |       |       |     5 ||     5
